 Dungeon Crawl Stone Soup version 0.30-a0-840-ga523dec638 (webtiles) character file.

Game seed: 1628381887215353102

513 iguanaiguana the Vexing (level 7, -17/57 HPs)
             Began as a Formicid Hexslinger on Mar 2, 2023.
             Was an Initiate of Ashenzari.
             Demolished by an ogre
             ... wielding a +0 giant spiked club
              (31 damage)
             ... on level 4 of the Dungeon.
             The game lasted 00:07:41 (4285 turns).

iguanaiguana the Vexing (Formicid Hexslinger)       Turns: 4285, Time: 00:07:42

Health: -17/57     AC:  2    Str: 21    XL:     7   Next: 43%
Magic:  8/8        EV: 12    Int: 12    God:    Ashenzari [......]
Gold:   215        SH:  0    Dex: 16    Spells: 3/8 levels left

rFire   . . .      SeeInvis +    b - +6 short sword "Z" {heavy, +Blink}
rCold   . . .      Faith    .    (no shield)
rNeg    . . .      Spirit   .    c - +0 robe
rPois   .          Reflect  .    (helmet unavailable)
rElec   .          Harm     .    (no cloak)
rCorr   .          Rampage  .    (no gloves)
Will    +....                    (no boots)
Stlth   +                        (no amulet)
HPRegen 0.29/turn                e - ring of willpower
MPRegen 0.11/turn                p - +6 ring of strength

@: no status effects
A: permanent stasis, dig shafts and tunnels, antennae 3, four strong arms
a: Dig, Shaft Self, Renounce Religion


You were on level 4 of the Dungeon.
You worshipped Ashenzari.
Ashenzari was noncommittal.
You visited 1 branch of the dungeon, and saw 5 of its levels.

You collected 215 gold pieces.

Inventory:

Hand Weapons
 a - a +1 sling
 b - the +6 short sword "Z" (weapon) {heavy, +Blink}
   (You found it on level 2 of the Dungeon)

   +Blink:    It lets you blink.
Missiles
 h - 11 boomerangs
 m - 17 poisoned darts
Armour
 c - a +0 robe (worn)
Jewellery
 e - a ring of willpower (left hand)
 n - a ring of fire
 o - a ring of positive energy
 p - a +6 ring of strength (right hand)
Wands
 i - a wand of flame (3)
Scrolls
 k - a scroll of noise
 q - a scroll of enchant armour
Potions
 g - 2 potions of resistance {@q5}


   Skills:
 + Level 5.8 Fighting
 - Level 3.6 Ranged Weapons
 - Level 1.7 Dodging
 - Level 1.1 Spellcasting
 - Level 6.0 Hexes


You had 3 spell levels left.
You knew the following spells:

 Your Spells              Type           Power      Damage    Failure   Level
a - Slow                  Hex            60%        N/A       2%          1
b - Cause Fear            Hex            7%         N/A       26%         4

Your spell library contained the following spells:

 Spells                   Type           Power      Damage    Failure   Level
 Inner Flame              Hex/Fire       7%         N/A       26%         3
 Portal Projectile        Hex/Tloc       14%        N/A       26%         3
 Apportation              Tloc           0%         N/A       30%         1
 Sandblast                Erth           0%         2d4       30%         1
 Passwall                 Tmut/Erth      0%         N/A       41%         2
 Stone Arrow              Conj/Erth      0%         3d7       65%         3
 Alistair's Intoxication  Tmut/Pois      0%         N/A       100%        5


Dungeon Overview and Level Annotations

Branches:
Dungeon (5/15) Zot: 25602
 Temple: D:4-7

Altars:
Ashenzari
Okawaru


Innate Abilities, Weirdness & Mutations

You cannot be hasted, slowed, berserked, paralysed or teleported.
You can dig through walls and to a lower floor.
You have a pair of large antennae on your head. (SInv)
Your four strong arms can wield two-handed weapons with a shield.


Message History

Where to? (Enter - D:4, ? - help)
There is an open door, spattered with blood here.
There is a stone staircase leading down here.
You climb downwards.
The orc wizard shouts!
The orc shouts! x2; You hear a shout! x4
Found 19 gold pieces.
There is a stone staircase leading up here.
There are monsters nearby!
The orc shouts!
You climb upwards.
There is a stone staircase leading down here.
You hit the orc.
The orc is heavily wounded.
The orc hits you with a +0 flail.
You hit the orc.
The orc is almost dead.
The orc hits you with a +0 flail!
You hit the orc but do no damage.
The orc is almost dead.
You hit the orc.
You kill the orc!
You start resting.
HP restored.
You climb downwards.
There is a stone staircase leading up here.
The orc hits you with a +0 flail.
The ogre hits you with a +0 giant spiked club.
You climb upwards.
There is a stone staircase leading down, spattered with blood here.
Okay, then.
You hit the ogre.
The ogre is lightly wounded.
The ogre hits you with a +0 giant spiked club!!
Ouch! That really hurt!
* * * LOW HITPOINT WARNING * * *
You hit the ogre.
The ogre is moderately wounded.
The ogre hits you with a +0 giant spiked club!!
Ouch! That really hurt!
You die...

###...###########...####.........
.......................'.........
##....#.#########...####.........
#.#..#.# ##..## ##.......#
#.##...# #..## ##.....## #.###..#
#.## ##...## #.# #..# #.# ##'##
#.###..# #o# #.#### #......#
#@####### #.##.. #####.##
#.O.....# ##.##.# ######.#
#######.# ##...#.# .......# #.#
#......# #.###.## ##.####...#..
#.# #.# #......#.###. ..# #.#
#..###.#.##.# ### #.#
#...........# #####.#
#.####.#.##.#


You could see an ogre and an orc.

Vanquished Creatures
  An ogre (D:4)
  2 necrophages (D:4)
  A jelly (D:4)
  An iguana (D:4)
  An orc wizard (D:4)
  Robin (D:2)
  2 gnolls (D:4)
  6 adders
  2 worms (D:4)
  2 dart slugs
  12 orcs
  8 ball pythons
  11 endoplasms
  15 goblins
  14 hobgoblins
  3 jackals (D:4)
  4 quokkas
  8 bats
  5 frilled lizards
  4 kobolds
  11 rats
114 creatures vanquished.

Notes
Turn   | Place    | Note
-------+----------+-------------------------------------------
     0 | D:1      | iguanaiguana the Formicid Hexslinger began the quest for
                  | the Orb.
     0 | D:1      | Reached XP level 1. HP: 15/15 MP: 2/2
    52 | D:1      | Reached skill level 4 in Hexes
    61 | D:1      | Reached XP level 2. HP: 17/21 MP: 3/3
   488 | D:1      | Reached XP level 3. HP: 21/26 MP: 4/4
   505 | D:1      | Reached skill level 5 in Hexes
   950 | D:2      | Reached XP level 4. HP: 30/32 MP: 2/5
  1157 | D:2      | Reached skill level 6 in Hexes
  1235 | D:2      | Learned a level 4 spell: Cause Fear
  1262 | D:2      | Noticed Robin
  1283 | D:2      | Killed Robin
  1284 | D:2      | Reached XP level 5. HP: 15/37 MP: 6/6
  1752 | D:2      | Identified the +6 short sword "Z" {heavy, +Blink}
  2925 | D:4      | Noticed an ogre
  2941 | D:4      | Killed an ogre
  2942 | D:4      | Reached XP level 6. HP: 48/48 MP: 7/7
  2984 | D:4      | Found a broken altar of Ashenzari.
  3039 | D:4      | Became a worshipper of Ashenzari the Shackled
  3319 | D:4      | Reached skill level 5 in Fighting
  3319 | D:4      | Reached XP level 7. HP: 40/56 MP: 8/8
  3456 | D:4      | HP: 2/56 [orc/+0 club (2)]
  4031 | D:4      | Found an iron altar of Okawaru.
  4231 | D:5      | Entered Level 5 of the Dungeon
  4285 | D:4      | Demolished by an ogre

Illustrated notes

Levels and vault maps discovered:
D:1:      zelgadis_glass_arrival_small, layout_basic, dreamdust_wishing_well,
          minmay_vboxes
D:2:      layout_loops_ring, uniq_robin
D:3:      layout_loops_ring
D:4:      layout_loops_corners, old_standard_altar, okawaru_altar_gauntlet_db,
          nrook_mini_backslash
D:5:      layout_basic, mainiacjoe_overflow_small_starburst, glass_columns_b,
          chequers_serial_rivers_micro_c

Skill      XL: |  1  2  3  4  5  6 |
---------------+-------------------+-----
Hexes          | 4 5 6 |  6.0
Ranged Weapons | 3 |  3.6
Fighting       | 3 5 |  5.8
Dodging        | |  1.7
Spellcasting   | |  1.1

Action                     |  1- 3 |  4- 6 |  7- 9 || total
---------------------------+-------+-------+-------++-------
  Melee: Long sword        |     1 |    16 |       ||    17
         Unarmed           |       |     8 |       ||     8
         Short sword       |       |    69 |    45 ||   114
   Fire: Sling             |   113 |    77 |       ||   190
  Throw: Boomerang         |       |     6 |       ||     6
         Dart              |       |    12 |       ||    12
   Cast: Slow              |     6 |    16 |       ||    22
    Use: Potion            |       |     2 |     2 ||     4
         Scroll            |       |     6 |     1 ||     7
   Stab: Sleeping          |       |     2 |     1 ||     3
 Armour: Robe              |    12 |    17 |    13 ||    42
         Skin              |       |    11 |       ||    11
  Dodge: Dodged            |    53 |    89 |    41 ||   183

Table legend: (Time is in decaauts)
 A = Elapsed time spent in this place.
 B = Non-inter-level travel time spent in this place.
 C = Inter-level travel time spent in this place.
 D = Time resting spent in this place.
 E = Time spent auto-exploring this place.
 F = Levels seen in this place.
 G = Mean time per level.
                   A        B        C        D        E       F      G
               +--------+--------+--------+--------+--------+-----+--------+
         Total |   4396 |   4234 |    162 |    544 |   2852 |   5 |  879.2 |
       Dungeon |   4396 |   4234 |    162 |    544 |   2852 |   5 |  879.2 |
               +--------+--------+--------+--------+--------+-----+--------+

Top non-repeatable levels by time:
     D:4: 1689 daAuts
     D:2: 1188 daAuts
     D:1: 903 daAuts
     D:3: 611 daAuts
     D:5: 4 daAuts
